 Dungeon Crawl Stone Soup version 0.20-a0-971-g5896763 (webtiles) character file.

75 Gorglomux the Chopper (level 4, 0/33 HPs)
             Began as a Formicid Warper on Apr 8, 2017.
             Was a Follower of Qazlal.
             Succumbed to an adder's poison
             ... on level 2 of the Dungeon.
             The game lasted 00:04:57 (2673 turns).

Gorglomux the Chopper (Formicid Warper)             Turns: 2673, Time: 00:04:57

Health: 0/33       AC:  3    Str: 16    XL:     4   Next: 55%
Magic:  7/7        EV: 12    Int: 12    God:    Qazlal [*.....]
Gold:   54         SH:  2    Dex: 11    Spells: 7/7 levels left

rFire    + . .     SeeInvis +   a - +0 hand axe
rCold    . . .     Gourm    .   (no shield)
rNeg     . . .     Faith    .   b - +0 leather armour
rPois    .         Spirit   .   (helmet unavailable)
rElec    .         Reflect  .   (no cloak)
rCorr    .         Harm     .   (no gloves)
MR       .....     Clarity  +   (no boots)
Stlth    +.........             (no amulet)
Regen    0.2/turn               (no ring)
MPRegen  0.1/turn               (no ring)

@: lethally poisoned (0 -> -12)
A: permanent stasis, dig shafts and tunnels, four strong arms, antennae 3,
clarity, fire resistance 1
a: Dig, Shaft Self, Renounce Religion


You were on level 2 of the Dungeon.
You worshipped Qazlal.
Qazlal was aware of your devotion.
You were hungry.

You visited 1 branch of the dungeon, and saw 4 of its levels.

You collected 54 gold pieces.

Inventory:

Hand Weapons
 a - a +0 hand axe (weapon)
Missiles
 e - 5 tomahawks of dispersal (quivered)
Armour
 b - a +0 leather armour (worn)
 G - a +0 buckler
Scrolls
 B - a scroll of blinking
 E - a scroll of enchant weapon
 M - 3 scrolls of magic mapping
 Q - a scroll of amnesia {unknown}
 R - a scroll of identify
Books
 c - a book of Spatial Translocations

   Spells                             Type                      Level
   a - Blink                          Translocation                2
   b - Shroud of Golubria             Charms/Translocation         2
   c - Lesser Beckoning               Translocation                3
   d - Gell's Gravitas                Translocation                3
   e - Teleport Other                 Translocation                3
   f - Passage of Golubria            Translocation                4
Comestibles
 f - 3 bread rations


   Skills:
 - Level 2.1 Fighting
 + Level 4.4 Axes
 - Level 1.0 Throwing
 - Level 1.1 Armour
 - Level 1.7 Dodging
 - Level 2.1 Spellcasting
   Level 2.6 Translocations


You had 7 spell levels left.
You didn't know any spells.

Dungeon Overview and Level Annotations

Branches:
Dungeon (4/15)
 Temple: D:4-7

Altars:
Qazlal
Sif Muna
Xom
Zin

Annotations:
D:3 Gorglomux's ghost, amateur FoWr
D:4 rhapsody01's ghost, amateur MiBe


Innate Abilities, Weirdness & Mutations

You cannot be hasted, slowed, berserked, paralysed or teleported.
You can dig through walls and to a lower floor.
Your four strong arms can wield two-handed weapons with a shield.
You have a pair of large antennae on your head. (SInv)
You possess an exceptional clarity of mind.
Your flesh is heat resistant. (rF+)


Message History

You feel sick. You block the adder's attack. The adder bites you.
You miss the adder.
The adder is severely wounded.
You feel sick. The adder bites you.
* * * LOW HITPOINT WARNING * * *
You are more poisoned.
The adder poisons you!
You closely miss the adder.
The adder is severely wounded.
* * * LOW HITPOINT WARNING * * *
You feel sick. The adder bites you.
* * * LOW HITPOINT WARNING * * *
You slash the adder!
You kill the adder!
Qazlal accepts your kill.
* * * LOW HITPOINT WARNING * * *
You feel sick.
You aren't carrying any potions.
Unknown command.
You die...

#### ...#####
##.....########
....##........#
.#.##########.####
...# #......# ..##
#.#.##.# #.#
******#.#.##@#**
..#
*,,,,,#,#......#
..#
*,,,,,*,####.#.#
..#
*,,,,,*,,,,..#.#
..#
*,,,,,*****###,#
.##
*,,,,,**>,,,,,,*
.#
***,,,,,,,,,*,,*
## ******,**,*,,*
# *,*,,,,,*


There were no monsters in sight!

Vanquished Creatures
  A hound skeleton (D:4)
  3 adders (D:2)
  A dart slug (D:1)
  3 leopard geckos
  3 giant cockroaches
  2 goblins (D:1)
  2 hobgoblins
  2 jackals (D:1)
  3 kobolds
  5 bats
  A frilled lizard (D:1)
  4 rats (D:1)
30 creatures vanquished.

Notes
Turn   | Place    | Note
-------+----------+-------------------------------------------
     0 | D:1      | Gorglomux the Formicid Warper began the quest for the Orb.
     0 | D:1      | Reached XP level 1. HP: 16/16 MP: 3/3
   264 | D:1      | Reached XP level 2. HP: 16/22 MP: 5/5
   298 | D:1      | You fall through a shaft!
   622 | D:2      | You fall through a shaft for 2 floors!
   635 | D:4      | Reached skill level 3 in Axes
   635 | D:4      | Reached XP level 3. HP: 26/27 MP: 6/6
   853 | D:4      | Found a deep blue altar of Sif Muna.
   855 | D:4      | Found a glowing silver altar of Zin.
   857 | D:4      | Found a shimmering altar of Xom.
   904 | D:4      | Noticed rhapsody01's ghost (amateur MiBe)
   972 | D:3      | Noticed Gorglomux's ghost (amateur FoWr)
  1116 | D:2      | Found a faded altar of an unknown god.
  1229 | D:2      | Became a worshipper of Qazlal Stormbringer
  1229 | D:2      | Reached * piety under Qazlal
  2131 | D:2      | Gained mutation: You possess an exceptional clarity of mind. [potion of mutation]
  2131 | D:2      | Gained mutation: Your flesh is heat resistant. (rF+) [potion of mutation]
  2131 | D:2      | HP: 1/27 [poisoned by an adder]
  2136 | D:2      | Reached skill level 4 in Axes
  2136 | D:2      | Reached XP level 4. HP: 27/33 MP: 7/7
  2672 | D:2      | HP: 1/33 [poisoned by an adder]
  2673 | D:2      | Succumbed to an adder's poison

Vault maps used:
D:1:      dpeg_arrival_circle_labyrinth_c, minivault_26
D:2:      chequers_ecumenical_altar_simple_redux, first_bread
D:3:      cheibrodos_greedy_goblins, grunt_dithmenos_smoke_and_mirrors,
          nicolae_qazlal_eye_of_the_storm
D:4:      grunt_temple_overflow_diamond

Skill      XL: |  1  2  3 |
---------------+----------+-----
Axes           | 3 4 |  4.4
Fighting       | |  2.1
Throwing       | |  1.0
Armour         | |  1.1
Dodging        | |  1.7
Spellcasting   | |  2.1
Translocations | |  2.6

Action                   |  1- 3 |  4- 6 || total
-------------------------+-------+-------++-------
Melee: Hand axe          |   122 |    50 ||   172
 Abil: Shaft Self        |     2 |       ||     2
       Dig               |     1 |       ||     1
  Use: Potion            |     5 |       ||     5
       Scroll            |       |     3 ||     3
  Eat: Chunk             |     5 |     1 ||     6
Armor: Leather armour    |    50 |    17 ||    67
Dodge: Dodged            |   107 |    38 ||   145
Block: Other             |     6 |     5 ||    11
